 Dungeon Crawl Stone Soup version 0.19.0-19-g8c6edcc (webtiles) character file.

51 Larett the Sneak (level 3, 0/26 HPs)
             Began as a Ghoul Fire Elementalist on Nov 15, 2016.
             Slain by an adder (1 damage)
             ... on level 1 of the Dungeon.
             The game lasted 00:04:35 (1178 turns).

Larett the Sneak (Ghoul Fire Elementalist)          Turns: 1178, Time: 00:04:36

Health: 0/26       AC:  6    Str: 11    XL:     3   Next: 83%
Magic:  3/4        EV: 10    Int: 10    God:
Gold:   61         SH:  0    Dex: 10    Spells: 1 memorised, 4 levels left

rFire  . . .     SeeInvis .     a - +0 spear
rCold  + . .     Gourm    .     n - +1 ring mail (curse)
rNeg   + + +     Faith    .     (no shield)
rPois  ∞         Spirit   .     (no helmet)
rElec  .         Reflect  .     (no cloak)
rCorr  .         Harm     .     (no gloves)
MR     .....                    (no boots)
Stlth  ++........               (no amulet)
                                (no ring)
                                (no ring)

@: rotting
A: rotting body, claws 1, carnivore 3, cold resistance 1, negative energy
resistance 3, slow regeneration 1, torment resistance, unbreathing
a: no special abilities


You were on level 1 of the Dungeon.
You were not hungry.

You visited 1 branch of the dungeon, and saw 2 of its levels.

You collected 61 gold pieces.

Inventory:

Hand Weapons
 a - a +0 spear (weapon)
 m - a +0 whip
Missiles
 d - 27 arrows
 e - 27 sling bullets
 j - 29 stones (quivered)
Armour
 g - a +0 robe
 n - a cursed +1 ring mail (worn)
Potions
 h - a potion of heal wounds
Books
 b - a book of Flames

   Spells                             Type                      Level
   a - Flame Tongue                   Conjuration/Fire             1
   b - Throw Flame                    Conjuration/Fire             2
   c - Conjure Flame                  Conjuration/Fire             3
   d - Inner Flame                    Hexes/Fire                   3
   e - Sticky Flame                   Conjuration/Fire             4
   f - Fireball                       Conjuration/Fire             5
Comestibles
 c - 2 meat rations
 f - 2 chunks of flesh {@w1}


   Skills:
 - Level 1.7 Dodging
 + Level 4.7 Stealth
 - Level 1.7 Spellcasting
 - Level 0.7 Conjurations
 - Level 2.4 Fire Magic


You had 4 spell levels left.
You knew the following spells:

 Your Spells              Type           Power        Failure   Level  Hunger
a - Flame Tongue          Conj/Fire      #....        38%         1    ##.....


Dungeon Overview and Level Annotations

Branches:
Dungeon (2/15)

Altars:


Innate Abilities, Weirdness & Mutations

Your body is rotting away.
You thrive on raw meat.
You are immune to poison.
You have sharp fingernails.
You are carnivorous and can eat meat at any time.
Your flesh is cold resistant. (rC+)
You are immune to negative energy. (rN+++)
You regenerate slowly when monsters are visible.
You are immune to unholy pain and torment.
You can survive without breathing.


Message History

You hit the adder.
The adder is severely wounded.
The adder misses you.
Casting: Flame Tongue
Confirm with . or Enter, or press ? or * to list all spells.
Aiming: Flame Tongue
Press: ? - help, Shift-Dir - straight line, f - adder
Aim: an adder (severely wounded)
The flame tongue misses the adder.
The adder bites you.
* * * LOW HITPOINT WARNING * * *
You completely miss the adder.
The adder is severely wounded.
The adder bites you but does no damage. The adder closely misses you.
You closely miss the adder.
The adder is severely wounded.
The adder bites you.
* * * LOW HITPOINT WARNING * * *
The adder bites you but does no damage. The adder bites you.
You die...

#..........# #..........#
#########..........#
..#...............######
....#####...>......#...##
..#######...........>#..########
...............)....>.....)....#
######.........S...####.######.#
####............n..# #...## #.#
.#.....#.#........## ###..###.#
...≈..8#.##......## ##..##.#
..≈...##....##....## ###.....#
≈≈.....#.########..#####.......#
≈≈≈≈.....# ##.##....##....#
.≈≈≈≈≈...### #..#.#####....#
≈≈≈≈.......########.#.##.......#
≈≈.....#.#.......##...##.##....#


You could see an adder.

Vanquished Creatures
  A gnoll (D:1)
  An adder (D:2)
  A leopard gecko (D:2)
  3 hobgoblins (D:1)
  4 jackals (D:1)
  3 kobolds (D:1)
  A ball python (D:1)
  2 bats
  2 frilled lizards (D:1)
  6 goblins (D:1)
  8 rats
32 creatures vanquished.

Notes
Turn   | Place    | Note
-------+----------+-------------------------------------------
     0 | D:1      | Larett the Ghoul Fire Elementalist began the quest for the Orb.
     0 | D:1      | Reached XP level 1. HP: 14/14 MP: 2/2
    65 | D:1      | Reached skill level 3 in Stealth
    65 | D:1      | Reached XP level 2. HP: 5/20 MP: 0/3
   535 | D:1      | HP: 3/20 [jackal (2)]
   535 | D:1      | HP: 1/20 [jackal (2)]
   539 | D:1      | Reached skill level 4 in Stealth
   539 | D:1      | Reached XP level 3. HP: 26/26 MP: 0/4
  1172 | D:1      | HP: 5/26 [adder (2)]
  1174 | D:1      | HP: 1/26 [adder (4)]
  1178 | D:1      | Slain by an adder

Skill      XL: |  1  2 |
---------------+-------+-----
Stealth        | 3 4 |  4.7
Dodging        | |  1.7
Spellcasting   | |  1.7
Conjurations   | |  0.7
Fire Magic     | |  2.4

Action                   || total
-------------------------++-------
Melee: Unarmed           ||     6
       Spear             ||   137
 Cast: Flame Tongue      ||    10
  Use: Potion            ||     1
       Scroll            ||     3
 Stab: Sleeping          ||     1
  Eat: Chunk             ||    24
Armor: Robe              ||    21
       Ring mail         ||    30
Dodge: Dodged            ||   108
